[Event "American Cup Women Elimination 2024"]
[Site "Saint Louis"]
[Date "2024.03.14"]
[Round "1.1"]
[White "Zatonskih, Anna"]
[Black "Tang, Zoey"]
[Result "0-1"]
[ECO "D14"]
[WhiteElo "2348"]
[BlackElo "2253"]
[Annotator "RC"]
[PlyCount "144"]
[EventDate "2024.03.11"]
[EventType "k.o."]
[EventCountry "USA"]
[SourceTitle "playchess.com"]
[Source "ChessBase"]
[SourceQuality "1"]
[TimeControl "900+10"]

1. d4 d5 2. c4 c6 3. cxd5 cxd5 4. Bf4 Nc6 5. e3 Nf6 6. Nc3 Bf5 7. Nf3 e6 8. Bb5 Nd7 9. O-O Be7 10. Rc1 Rc8 11. Ne5 Ndxe5 12. Bxe5 O-O 13. Bg3 a6 14. Be2 b5 15. Bd3 Bxd3 16. Qxd3 Qb6 17. Ne2 Na5 18. Rxc8 Rxc8 19. Rc1 Rxc1+ 20. Nxc1 Qc6 21. Qd1 h5 22. h3 h4 23. Bf4 b4 24. Nd3 Qc8 25. Qa4 Nc4 26. Qc2 Nb6 27. Qxc8+ Nxc8 28. Bc7 Na7 29. Kf1 Nc6 30. Ke2 a5 31. b3 f6 32. Bb6 Kf7 33. Kd2 e5 34. f3 g5 35. dxe5 fxe5 36. e4 Ke6 37. exd5+ Kxd5 38. Nf2 Nd4 39. Ne4 Ne6 40. Be3 Bd8 41. Kd3 Be7 42. Bd2 Bd8 43. Be3 Be7 44. g3 hxg3 45. Nxg3 Ng7 46. Bb6 Ne6 47. Be3 Ng7 48. Bd2 Bd8 49. Nf1 Ne6 50. Ne3+ Kc5 51. Nf5 Kd5 52. Ne3+ Kc5 53. Ng4 Kd5 54. Be3 Be7 55. Nf2 Bd8 56. Ne4 Be7 57. Bc1 Bd8 58. Be3 Be7 59. Nf2 Bd8 60. Ng4 Be7 61. Nf2 Bd8 62. Bd2 Nd4 63. Ne4 Nxf3 64. Ke3 Nxd2 65. Nxd2 g4 66. hxg4 Bg5+ 67. Kd3 Bxd2 68. Kxd2 Ke4 69. Ke2 Kf4 70. Kd3 e4+ 71. Kd4 e3 72. g5 e2 0-1

[Event "American Cup Women Elimination 2024"]
[Site "Saint Louis"]
[Date "2024.03.14"]
[Round "1.2"]
[White "Abrahamyan, Tatev"]
[Black "Yu, Jennifer"]
[Result "0-1"]
[ECO "B48"]
[WhiteElo "2308"]
[BlackElo "2279"]
[Annotator "TA"]
[PlyCount "68"]
[EventDate "2024.03.11"]
[EventType "k.o."]
[EventCountry "USA"]
[SourceTitle "playchess.com"]
[Source "ChessBase"]
[SourceQuality "1"]
[TimeControl "900+10"]

1. e4 c5 2. Nf3 e6 3. d4 cxd4 4. Nxd4 Nc6 5. Nc3 Qc7 6. a3 a6 7. Be3 Nf6 8. f4 Nxd4 9. Qxd4 Ng4 10. e5 (10. Bc1 $11) 10... Nxe3 $15 {[%emt 0:00:47] Black is slightly better.} 11. Qxe3 d5 12. O-O-O b5 13. f5 b4 (13... exf5 $2 14. Nxd5 (14. Rxd5 b4 $11) 14... Qc6 15. g4 $18) 14. axb4 Bxb4 (14... exf5 $2 15. Nxd5 (15. Rxd5 Bxb4 16. Qd4 Bxc3 $11) 15... Qb7 16. b5 $18) 15. fxe6 fxe6 16. Ne2 (16. Bd3 $15) 16... O-O $17 17. Nd4 Rb8 (17... Bc5 $17 {aiming for ...Bd7.} 18. Bd3 Bd7) 18. Bd3 $15 Bc5 $40 {[%emt 0:02:23][%mdl 128] Black mounts an attack.} 19. c3 {[%emt 0:02:10] [#] Prevents Rb4} (19. Rhf1 $11) 19... Qa5 $1 $17 20. Rd2 $2 (20. Kb1 $17) 20... Bd7 $2 (20... Qa1+ $19 21. Bb1 Ba3) 21. Bb1 $2 (21. Kb1 $17 {nothing else works.}) 21... Rfc8 $2 (21... g6 $19 {has better winning chances. White must now prevent ...Qa1.} 22. h4 Qa1) 22. Qd3 {[%emt 0:00:21] [#]} ({Avoid the trap} 22. Qh3 $2 g6 23. Rf1 Qa1 $19) (22. Rf1 $17 Ba3 23. Kd1 (23. Rf3 Rxb2 24. Rxb2 Qb4 $19) 23... Rxb2 (23... Bxb2 24. Qh3 $18) 24. Rxb2 Bxb2 25. Qh3) 22... g6 $1 $19 23. Nc2 {[%emt 0:00:17] Dodges Ba3} (23. Rf1 Be7 24. Ne2) 23... Bf8 24. h4 (24. Rf1 $142 Bb5 25. Rxf8+ Rxf8 26. Qh3) 24... Bh6 25. Ne3 Bb5 26. Qd4 Qb6 $2 (26... Bc4 27. Ng4 Bxd2+ 28. Qxd2 Qa1) 27. Re1 Be8 {[%emt 0:00:21] A strong pair of Bishops.} 28. Ng4 $2 (28. Qxb6 Rxb6 29. g3) 28... Qxb2+ ({Inferior is} 28... Qxd4 29. Nxh6+ Kg7 30. Rxd4 $16) 29. Kd1 Qxb1+ 30. Ke2 Bb5+ 31. Kf2 Qf5+ 32. Kg3 Bxd2 33. Qxd2 Kh8 34. Re3 Rc4 {[%emt 0:00:05] Weighted Error Value: White=1.56/Black=1.10.  Loses game:     	White=2     	---        Missed win:     	---       	Black=1      Mistake:       	White=7     	Black=1      Inaccurate:     	White=2     	Black=1      OK:         	White=3     	Black=5      Best:        	White=2     	Black=2      Strong:       	---       	Black=2} 0-1

[Event "American Cup Women Elimination 2024"]
[Site "Saint Louis"]
[Date "2024.03.14"]
[Round "1.2"]
[White "Yu, Jennifer"]
[Black "Abrahamyan, Tatev"]
[Result "1/2-1/2"]
[ECO "D35"]
[WhiteElo "2279"]
[BlackElo "2308"]
[Annotator "TA"]
[PlyCount "114"]
[EventDate "2024.03.11"]
[EventType "k.o."]
[EventCountry "USA"]
[SourceTitle "playchess.com"]
[Source "ChessBase"]
[SourceQuality "1"]
[TimeControl "900+10"]

1. d4 Nf6 2. c4 e6 3. Nf3 d5 4. Nc3 Nbd7 5. cxd5 exd5 6. Bg5 h6 {[%emt 0:00:08] D35: Queen's Gambit Declined: Exchange Variation.} 7. Bh4 c6 8. e3 g5 9. Bg3 Nh5 10. Bd3 Nxg3 11. hxg3 Bg7 12. g4 Nb6 13. Nd2 Qe7 14. Qe2 Be6 15. Nb3 $146 ({Predecessor:} 15. a4 Nc8 16. a5 a6 17. Nb3 Nd6 18. Nc5 O-O 19. O-O Rae8 20. Nxe6 fxe6 21. Bc2 {0-1 Peptan,C (2334)-Lupulescu,C (2525) Bucharest Superbet-B blitz  2019 (12)}) 15... O-O-O (15... Nd7 $11 {should be considered.}) 16. Nc5 $14 Nd7 17. N3a4 Nxc5 18. Nxc5 Kb8 19. O-O-O (19. b4 $14) 19... b6 $11 20. Nxe6 fxe6 21. Kb1 e5 22. dxe5 Qxe5 23. Qc2 c5 24. Bf5 Rhe8 25. Rd2 Re7 26. Rhd1 Rc7 27. Be4 d4 ({Black should play} 27... Rcd7 $11) 28. Bf3 (28. exd4 $14 cxd4 29. Qd3) 28... Re8 ({Better is} 28... Rcd7 $11) 29. Re2 {[%emt 0:00:33] exd4 is the strong threat.} d3 30. Rxd3 c4 31. Rd5 Qe7 32. Re1 (32. Rd1 {with more complications.} c3 33. Qd3 cxb2 34. Qd5) 32... c3 33. b3 $1 Rec8 34. Red1 a6 (34... Qa3 $1 $14 35. Rd8 Rxd8 (35... Qb2+ 36. Qxb2 cxb2 37. Rxc8+ Rxc8 38. Be4 $16) 36. Rxd8+ Rc8 37. Rxc8+ Kxc8) 35. Be2 (35. Rd6 $16 Ka7 36. R1d3) 35... Qa3 $14 {[%emt 0:00:05] Strongly threatening ...Qb2+.} 36. Rd7 Be5 (36... Qb2+ $2 37. Qxb2 cxb2 38. Rxc7 (38. Bxa6 $2 Rc1+) 38... Kxc7 39. Bxa6 $18) 37. Rxc7 Rxc7 38. Rd8+ Ka7 39. Bf3 b5 40. Rd5 Bg7 (40... Qb2+ $2 41. Qxb2 cxb2 42. Rxe5 $18) 41. Be4 Kb6 42. Qc1 Qb2+ ({Much worse is} 42... Qxc1+ $6 43. Kxc1 Ka5 44. a4 $16) (42... Qb4 $11 43. Bc2 Qf8) 43. Qxb2 $14 cxb2 44. Bc2 Rf7 45. f3 Re7 46. e4 Kc6 47. b4 Kb6 (47... Rd7 $11) 48. Bb3 Rc7 49. e5 Re7 50. Kxb2 (50. Rd6+ {is interesting.} Kc7 51. Rxa6 Bxe5 52. Bc2) 50... Rxe5 51. Rxe5 (51. Rd6+ Kc7 52. Rg6 (52. Rxa6 $2 {perishes.} Re6+ 53. Kc2 Rxa6 $19) 52... Re2+ 53. Kc1 Bc3 $11) 51... Bxe5+ 52. Kc2 Bd6 53. Kc3 Be5+ 54. Kd3 Bd6 55. Kc3 Be5+ $1 56. Kd3 Bd6 57. Kc3 Be5+ $1 1/2-1/2

[Event "American Cup Women Elimination 2024"]
[Site "Saint Louis"]
[Date "2024.03.14"]
[Round "1.2"]
[White "Tang, Zoey"]
[Black "Zatonskih, Anna"]
[Result "1-0"]
[ECO "D31"]
[WhiteElo "2253"]
[BlackElo "2348"]
[Annotator "TA"]
[PlyCount "59"]
[EventDate "2024.03.11"]
[EventType "k.o."]
[EventCountry "USA"]
[SourceTitle "playchess.com"]
[Source "ChessBase"]
[SourceQuality "1"]
[TimeControl "900+10"]

1. d4 d5 2. c4 e6 3. Nc3 h6 4. cxd5 exd5 5. Bf4 Nf6 6. e3 Bd6 7. Bxd6 Qxd6 8. Bd3 {[%emt 0:00:03] The position is equal.} O-O 9. Qc2 Qe7 10. Nf3 c6 11. h3 Nbd7 12. O-O Re8 13. Ne2 Ne4 14. Bxe4 dxe4 15. Nd2 Nf6 16. Ng3 h5 17. f3 exf3 18. Rxf3 h4 19. Nf5 (19. Ne2 $5) 19... Bxf5 20. Qxf5 Rad8 21. Nc4 {[%emt 0:01:41] [#]} (21. Rc1 $15) 21... Ne4 (21... Rd5 $1 $17 22. Ne5 c5) 22. Ne5 $11 Ng5 {[%emt 0:00:07][%cal Of7f6] Hoping for ...f6!} 23. Rf4 f6 24. Ng4 Qf7 {[%emt 0:00:12] Inhibits Qg6.} 25. Raf1 {[%emt 0:00:36][%cal Of5g5,Ba1f1,Bf1f6,Bf6f7][%mdl 32] Threatens to win with Qxg5!} Rd5 (25... Qh5 $14) 26. Qc2 {[%emt 0:00:27][%cal Rf4f6] aiming for Rxf6!} Rd6 {[%emt 0:00:51][%mdl 8192] [#] This move loses the game for Black.} (26... Nh7 $1 $14) 27. Rxf6 $3 $18 Rxf6 28. Rxf6 Qe7 ({Wrong is} 28... Nxh3+ $2 29. gxh3 gxf6 30. Nh6+ Kf8 31. Nxf7 $18) 29. Qg6 {[%emt 0:01:14][%cal Of6f5] And now Rf5! would win.} Ne4 $2 {[%emt 0:01:09] [#]} (29... Rf8 $18) 30. Rf7 $3 {[%emt 0:00:27][%mdl 512] Weighted Error Value: White=0.10 (very precise) /Black=0.52.  Loses game:     	---       	Black=1      Mistake:       	White=1     	Black=3      Inaccurate:     	White=2     	Black=1      OK:         	White=6     	Black=8      Best:        	White=3     	Black=2      Brilliant:      	White=2     	---} 1-0

[Event "American Cup Women Elimination 2024"]
[Site "Saint Louis"]
[Date "2024.03.14"]
[Round "1.3"]
[White "Yu, Jennifer"]
[Black "Abrahamyan, Tatev"]
[Result "1-0"]
[ECO "D35"]
[WhiteElo "2279"]
[BlackElo "2308"]
[Annotator "RC"]
[PlyCount "115"]
[EventDate "2024.03.11"]
[EventType "k.o."]
[EventCountry "USA"]
[SourceTitle "playchess.com"]
[Source "ChessBase"]
[SourceQuality "1"]
[TimeControl "900+10"]

1. d4 Nf6 2. c4 e6 3. Nf3 d5 4. Nc3 Nbd7 5. cxd5 exd5 6. Bg5 h6 7. Bh4 c6 8. e3 g5 9. Bg3 Nh5 10. Bd3 Nxg3 11. hxg3 Bg7 12. Qc2 Nb6 13. O-O-O Be6 14. Ne5 Bxe5 15. dxe5 Qe7 16. Kb1 O-O-O 17. f4 Kb8 18. Be2 Bc8 19. e4 gxf4 20. gxf4 f6 21. exd5 cxd5 22. exf6 Qxf6 23. g3 Rhe8 24. Ka1 a6 25. Bf3 d4 26. Ne4 Qg6 27. Rc1 Nd5 28. Rhd1 Qb6 29. Qc5 Qxc5 30. Nxc5 Ne3 31. Rd2 Rg8 32. Rg1 b6 33. Nd3 Bf5 34. Ne5 Nc2+ 35. Kb1 Ne1+ 36. Ka1 Nxf3 37. Nxf3 d3 38. b3 Rc8 39. Kb2 Rc5 40. Ne5 Rgc8 41. g4 Rc2+ 42. Rxc2 Rxc2+ 43. Ka3 Be4 44. Rd1 Rc3 45. Kb4 Rc2 46. Nxd3 Rxa2 47. Ne5 Rf2 48. f5 Rf4 49. Rd4 Kc7 50. Kc3 h5 51. gxh5 Rxf5 52. Rxe4 Rxh5 53. Nc4 b5 54. Na5 Kb6 55. Re6+ Ka7 56. Nc6+ Kb7 57. Kb4 Rh3 58. Na5+ 1-0

[Event "American Cup Women Elimination 2024"]
[Site "Saint Louis"]
[Date "2024.03.14"]
[Round "1.3"]
[White "Tang, Zoey"]
[Black "Zatonskih, Anna"]
[Result "0-1"]
[ECO "A40"]
[WhiteElo "2253"]
[BlackElo "2348"]
[Annotator "TA"]
[PlyCount "90"]
[EventDate "2024.03.11"]
[EventType "k.o."]
[EventCountry "USA"]
[SourceTitle "playchess.com"]
[Source "ChessBase"]
[SourceQuality "1"]
[TimeControl "900+10"]

1. d4 e6 2. c4 b6 3. Nf3 Bb7 4. g3 Bxf3 5. exf3 d5 6. Nc3 Nf6 7. cxd5 exd5 8. Bd3 {[%emt 0:00:11] White is better.} Be7 9. O-O O-O 10. f4 c5 11. f5 ({White should play} 11. dxc5 $14 bxc5 12. Be2) 11... Nc6 $11 12. Ne2 c4 (12... Nxd4 13. Nxd4 cxd4 14. h4) (12... cxd4 13. Bb5 Rc8 14. Qa4 $11) 13. Bc2 b5 14. Bf4 a5 15. h3 Re8 16. g4 Bd6 17. Be3 Bc7 18. Kg2 Qd6 19. Rh1 {[%emt 0:00:41] Wards off Qh2+} Ne4 {[%emt 0:00:48] Black is much more active.} 20. Bxe4 dxe4 (20... Rxe4 $17 21. Qd2 (21. Nc3 $2 Rxe3 22. fxe3 Qg3+ 23. Kf1 Re8 $19) 21... Rae8) 21. d5 $2 {[%emt 0:00:42] [#]} ({White should try} 21. b3 $15) 21... Nb4 $19 22. Nf4 (22. a4 $142) 22... Nd3 23. Nxd3 exd3 24. Qf3 Rad8 25. a4 Qxd5 (25... Qb4 $19 {is more deadly. Strongly threatening ...Be5.} 26. axb5 Qxb5) 26. axb5 $2 {[%emt 0:00:08][%mdl 8192] White does not recover from this.} (26. Qxd5 $17 {nothing else works.} Rxd5 27. axb5) 26... Qxb5 {[%emt 0:00:07][%cal Oc7e5] Black is clearly winning.} 27. Rhc1 (27. Rhb1 $142) 27... Be5 28. Bd2 a4 29. Rab1 Bxb2 {[%emt 0:00:19] And now ...a3 would win.} 30. Bc3 a3 31. f6 Qd5 32. Bxb2 axb2 33. Rxb2 Qxf3+ 34. Kxf3 {[%emt 0:00:02][%mdl 4096] Endgame. KRR-KRR} c3 35. Rxc3 d2 ({Worse is} 35... gxf6 36. Rd2 $11) 36. Rxd2 Rxd2 37. fxg7 Kxg7 38. Kg3 Red8 39. Rc5 h6 40. h4 R8d3+ 41. f3 Rd5 42. Rc7 Ra5 43. Rc3 Rd4 {[%emt 0:00:10] [#] White must now prevent ...h5.} 44. Rb3 h5 {[%emt 0:00:06] aiming for ...hxg4.} 45. g5 Raa4 {[%emt 0:00:01] Weighted Error Value: White=0.98/Black=0.47.  Loses game:     	White=1     	---        Mistake:       	White=4     	Black=2      Inaccurate:     	White=3     	Black=2      OK:         	White=8     	Black=10     Best:        	---       	Black=1} 0-1

[Event "American Cup Women Elimination 2024"]
[Site "Saint Louis"]
[Date "2024.03.14"]
[Round "1.4"]
[White "Zatonskih, Anna"]
[Black "Tang, Zoey"]
[Result "1/2-1/2"]
[ECO "A06"]
[WhiteElo "2348"]
[BlackElo "2253"]
[Annotator "TA"]
[PlyCount "117"]
[EventDate "2024.03.11"]
[EventType "k.o."]
[EventCountry "USA"]
[SourceTitle "playchess.com"]
[Source "ChessBase"]
[SourceQuality "1"]
[TimeControl "900+10"]

1. Nf3 d5 2. e3 Bf5 3. c4 c6 4. Qb3 Qc7 5. cxd5 cxd5 6. Nc3 e6 7. Bb5+ Nc6 8. Nd4 Nge7 9. Qa4 a6 10. b3 Rc8 11. Bxc6+ bxc6 (11... Nxc6 $11 12. Nxf5 exf5) 12. Qxa6 $16 Ng6 (12... Qd8 $16) 13. Bb2 $18 Bb4 14. Rc1 (14. Nxf5 $18 exf5 15. Nxd5 cxd5 16. Qa4+ (16. Bxg7 Rg8 $15) 16... Qd7 17. Qxb4) 14... Nh4 $2 (14... Ne7 $16 15. a3 Qa5 16. Qxa5 Bxa5 17. Nxf5 Nxf5) 15. O-O (15. Nxd5 $142 exd5 16. Rxc6 Nxg2+ 17. Kf1) 15... O-O $18 16. Nxf5 (16. g3 $18) 16... Nxf5 $16 17. Qe2 Qe7 18. Na4 Bd6 19. f4 c5 20. Qg4 g6 (20... Qb7 $11 {remains equal.}) 21. Qf3 (21. Qh3 {with more complications.} Ra8 22. g4 Ng7 23. Qg2) 21... h5 22. d3 Qa7 23. Kh1 (23. e4 $14 Nd4 24. Qf2) 23... c4 $1 $11 24. dxc4 Nxe3 ({Don't play} 24... Qxe3 $6 25. c5 (25. cxd5 Qxf3 26. Rxf3 exd5 $16) 25... Qxf3 26. Rxf3 $16) 25. Rfe1 Ng4 26. h3 (26. c5 $11 Bxc5 27. Rxc5 Rxc5 28. Nxc5 Qxc5 29. h3 Nf2+ 30. Kh2) 26... Nf2+ $15 27. Kh2 Ne4 (27... dxc4 $15 28. Rxc4 Rxc4 29. bxc4 Qxa4 30. Qxf2 Qxc4) 28. Rxe4 $2 (28. Re2 $14 {stays ahead.}) 28... dxe4 $17 29. Qxe4 Qb8 $2 (29... Qf2 $17 30. Be5 Bxe5 31. fxe5 Qxa2) 30. g3 (30. Rf1 $16) 30... h4 $11 31. c5 hxg3+ 32. Kxg3 Be7 (32... Bc7 $1 $11) 33. Rg1 $2 (33. c6 $16 {keeps the pressure on.}) 33... Bxc5 $17 34. Nxc5 Rxc5 35. Kh2 Rf5 36. Rg4 Qd6 37. Be5 Qd2+ 38. Rg2 Qd5 39. Qxd5 exd5 40. a4 Ra8 (40... f6 $17 41. Bd4 Kg7 (41... Rxf4 42. Bc5 $17)) 41. Ra2 ({White should try} 41. Kg3 $1 $15) 41... f6 $19 42. Bc7 d4 43. a5 (43. Rd2 $142) 43... Rb5 44. Rd2 Rxb3 45. Rxd4 Ra3 46. Rd5 Kf7 47. f5 gxf5 48. Rxf5 Rh8 49. Bg3 (49. Kg2 {was called for.}) 49... Ra2+ $19 50. Kg1 $2 (50. Rf2 Rxa5 51. Rf3) 50... Rxh3 $19 51. Bf2 Rha3 $2 ({Better is} 51... Rd3 $19 52. Bb6 Rdd2) 52. Bb6 $2 (52. Bh4 $15) 52... Rb3 53. Rf2 Rxf2 54. Kxf2 Ra3 55. Bc7 {[%emt 0:00:05] [#]} Rxa5 $2 (55... f5 $3 $19 56. Ke2 Kg6) 56. Bxa5 $11 Ke6 57. Bc3 (57. Be1 $5) 57... f5 58. Bd2 f4 59. Bxf4 1/2-1/2

[Event "American Cup Women Elimination 2024"]
[Site "Saint Louis"]
[Date "2024.03.16"]
[Round "2.1"]
[White "Tokhirjonova, Gulrukhbegim"]
[Black "Tang, Zoey"]
[Result "1/2-1/2"]
[ECO "D02"]
[WhiteElo "2365"]
[BlackElo "2253"]
[Annotator "TA"]
[PlyCount "145"]
[EventDate "2024.03.11"]
[EventType "k.o."]
[EventCountry "USA"]
[SourceTitle "playchess.com"]
[Source "ChessBase"]
[SourceQuality "1"]
[TimeControl "1500+10"]

1. d4 d5 2. Bf4 Nf6 3. Nf3 g6 4. e3 Bg7 5. Nbd2 c5 6. c3 {[%emt 0:00:02] D02: Damenbauernspiele.} O-O 7. Be2 b6 8. Ne5 Bb7 9. h4 h5 10. f3 $146 ({Predecessor:} 10. g4 hxg4 11. Bxg4 Nh7 12. Ndf3 Nc6 13. Qd3 Nxe5 14. dxe5 e6 15. O-O-O c4 16. Qc2 {1-0 Tiilikainen,M (1888)-Tuominen,J (1849) Helsinki We KapSK A 2011 (3)}) 10... Nc6 11. g4 cxd4 12. exd4 hxg4 13. fxg4 Nxe5 14. dxe5 Ne4 15. Nf3 Qc8 16. Nd4 Qc7 17. Nf3 Qc5 18. Qd4 Qxd4 19. cxd4 f6 20. O-O g5 21. Bh2 Bc8 22. hxg5 Bxg4 23. gxf6 exf6 24. Kg2 Rac8 25. Rac1 fxe5 26. dxe5 (26. Bxe5 $11 Rxc1 27. Rxc1) 26... Bh6 $15 27. Rxc8 Rxc8 28. Bd3 Rf8 (28... Rc7 $17 {Und jetzt ...Rg7 wäre schön.} 29. e6 Rh7 (29... Re7 30. Nd4 $11)) 29. Nd4 $11 Rxf1 30. Bxf1 Be3 31. Nc6 Kf7 32. Nxa7 Bd4 33. b4 Ng5 34. Kh1 Ke6 35. Nc6 Be3 36. Bg1 Bxg1 37. Kxg1 Nf3+ 38. Kf2 Nxe5 39. Nd4+ Kd7 40. Ke3 Bd1 41. Bb5+ Kc7 42. Nf5 Bg4 43. Nd4 Bd1 44. Kf4 Nf7 (44... Kd6 $11) 45. Kf5 (45. Be8 $16 Nd6 46. Bc6) 45... Kd6 $11 46. Kf6 Nh6 47. Nf5+ Nxf5 48. Kxf5 Bc2+ 49. Kf4 d4 50. Bc4 Bb1 51. a3 Bc2 52. Bg8 Bb1 53. Bb3 Bh7 54. a4 Bb1 55. Kf3 Bh7 56. Ke2 Be4 57. Kd2 Bf5 58. Bc4 Bg6 59. Kc1 Be8 60. Bb3 Bg6 61. Bc2 Be8 62. Kb2 Bf7 63. Bd3 Be6 64. Ka3 Bf7 65. Kb2 Be6 66. Kc2 Bd7 67. Kb3 Be6+ 68. Bc4 Bf5 69. Kb2 Bd7 70. Kb3 $1 Bf5 71. Kb2 Bd7 72. Kb3 Bf5 73. Kb2 1/2-1/2

[Event "American Cup Women Elimination 2024"]
[Site "Saint Louis"]
[Date "2024.03.16"]
[Round "2.1"]
[White "Paikidze, Nazi"]
[Black "Yu, Jennifer"]
[Result "1-0"]
[ECO "E04"]
[WhiteElo "2319"]
[BlackElo "2279"]
[Annotator "RC"]
[PlyCount "110"]
[EventDate "2024.03.11"]
[EventType "k.o."]
[EventCountry "USA"]
[SourceTitle "playchess.com"]
[Source "ChessBase"]
[SourceQuality "1"]
[TimeControl "1500+10"]

1. d4 d5 2. c4 e6 3. Nf3 Nf6 4. g3 Bb4+ 5. Nbd2 O-O 6. Bg2 dxc4 7. Qc2 Nc6 8. Qxc4 Ne4 9. Qd3 Nxd2 10. Bxd2 Qd6 11. O-O Bxd2 12. Qxd2 e5 13. dxe5 Qxd2 14. Nxd2 Nxe5 15. Ne4 Bg4 16. f4 Nc4 17. Rfc1 Ne3 18. Rxc7 Nxg2 19. Kxg2 Rfe8 20. Nc3 b5 21. Re1 b4 22. Nd5 Rad8 23. Nxb4 a5 24. Nc6 Rd2 25. Ne5 Bxe2 26. Kg1 Rxb2 27. Nxf7 Rxa2 28. Nd6 Rd8 29. Nf5 Bf3 30. Rxg7+ Kf8 31. Rxh7 Rg2+ 32. Kf1 Rdd2 33. Rh8+ Kf7 34. Re7+ Kg6 35. Nh4+ Kf6 36. Nxg2 Kxe7 37. Ne3 a4 38. Rh7+ Ke6 39. Ra7 Ra2 40. g4 a3 41. f5+ Kf6 42. h4 Be2+ 43. Ke1 Bxg4 44. Ra6+ Ke5 45. Nxg4+ Kxf5 46. Nf2 Kf4 47. h5 Ra1+ 48. Ke2 Ra2+ 49. Kf1 Kg3 50. Rg6+ Kf3 51. Rf6+ Kg3 52. h6 Rb2 53. h7 a2 54. Ne4+ Kg4 55. Ra6 Rh2 1-0

[Event "American Cup Women Elimination 2024"]
[Site "Saint Louis"]
[Date "2024.03.16"]
[Round "2.2"]
[White "Yu, Jennifer"]
[Black "Paikidze, Nazi"]
[Result "0-1"]
[ECO "D38"]
[WhiteElo "2279"]
[BlackElo "2319"]
[Annotator "TA"]
[PlyCount "98"]
[EventDate "2024.03.11"]
[EventType "k.o."]
[EventCountry "USA"]
[SourceTitle "playchess.com"]
[Source "ChessBase"]
[SourceQuality "1"]
[TimeControl "1500+10"]

1. d4 Nf6 2. c4 e6 3. Nf3 Bb4+ 4. Nc3 O-O 5. Bg5 d5 6. Qb3 Nc6 (6... c5 $11) 7. e3 $14 dxc4 8. Bxc4 {[%emt 0:01:16] White is slightly better.} Be7 9. Qc2 Nb4 10. Qe2 a6 11. O-O h6 12. Bh4 b5 13. Bb3 Bb7 14. a4 bxa4 15. Nxa4 (15. Rxa4 $6 a5 $11) 15... Ne4 16. Bxe7 Qxe7 17. Rfc1 a5 18. Ne5 Ba6 19. Bc4 Rfb8 20. Bxa6 Rxa6 21. f3 (21. Qg4 {is interesting.} Nd6 22. Nc5 Ra7 23. Ra3) 21... Nf6 22. Nc5 Ra7 23. Ra4 {[%emt 0:00:39][%cal Oa4b4] And now Rxb4! would win.} Nfd5 24. Rca1 Rba8 25. Nb3 f6 26. Nc4 (26. Rxa5 $2 Rxa5 27. Nxa5 fxe5 $19) 26... e5 27. dxe5 ({Reject} 27. Rxa5 Rxa5 28. Rxa5 Rxa5 29. Ncxa5 exd4 30. Nxd4 Qxe3+ 31. Qxe3 Nxe3 $11) 27... fxe5 28. Nbxa5 e4 29. f4 c5 {[%emt 0:00:18] [#]} (29... Qf8 $14) 30. Rd1 ({White should play} 30. R4a3 $1 $16) 30... Qc7 (30... Qe6 $11) 31. Ra3 $16 Nd3 32. Raxd3 (32. Rda1 $16) 32... exd3 $11 33. Qxd3 Nb4 34. Qb3 {[%emt 0:00:24] Black continues to play with concentration.} (34. Qf5 $1 $11 {remains equal.}) 34... Kh8 $17 35. Qc3 (35. h3 $17) 35... Rxa5 $19 36. Nxa5 Rxa5 37. Qc4 Ra8 38. Rc1 (38. Qe4 {keeps fighting.} Rd8 39. Rxd8+ Qxd8 40. g3) 38... Rc8 39. Qe6 (39. Rc3 $142) 39... Nd3 40. Rd1 (40. Rc2 {was worth a try.}) 40... c4 (40... Nxb2 41. Rd7 Qb8 42. Qe7 $17) 41. Rd2 Rb8 42. Rc2 (42. h3 {was forced.}) 42... c3 ({Less strong is} 42... Rxb2 43. Qe8+ Kh7 44. Qe4+ g6 45. Qxd3 $17) 43. b3 (43. h3 $142 Nxb2 (43... Rxb2 44. Qe8+ Kh7 45. Qe4+ Kg8 46. Qe8+ Kh7 47. Qe4+ Kh8 48. Qe8+ Kh7 $11) 44. Qd5) 43... Nb4 44. Rc1 c2 45. Qe4 {[%emt 0:00:02] [#] Prevents Nd3} Rd8 $1 {[%emt 0:00:26] ( -> ...Rd1+)} 46. Qxb4 (46. Rxc2 Qxc2) 46... Rd1+ 47. Kf2 Rxc1 {[%emt 0:00:04] Black mates.} 48. Qf8+ Kh7 49. Qf5+ g6 {[%emt 0:00:02] Weighted Error Value: White=0.58/Black=0.16 (very precise) .  Mistake:       	White=9     	Black=3      Inaccurate:     	White=1     	Black=3      OK:         	White=14    	Black=12     Best:        	---       	Black=3} 0-1